 Dungeon Crawl Stone Soup version 0.22-a0-803-gd6d8abe (webtiles) character file.

59323 VLARC the Fighter (level 14, 92/92 HPs)
             Began as a Gargoyle Earth Elementalist on Apr 17, 2018.
             Was a High Priest of Vehumet.
             Quit the game on level 13 of the Dungeon on July 22, 2018.
             The game lasted 01:31:39 (23673 turns).

VLARC the Fighter (Gargoyle Earth Elementalist)    Turns: 23673, Time: 01:31:40

Health: 92/92      AC: 29    Str: 21    XL:     14   Next: 94%
Magic:  16/28      EV: 12    Int: 20    God:    Vehumet [*****.]
Gold:   1713       SH:  4    Dex: 10    Spells: 17/33 levels left

rFire    + . .     SeeInvis .   L - +11 flail of Honour {freeze, rF- rC++ MR- Str+8}
rCold    + + .     Gourm    .   Q - +0 buckler
rNeg     + . .     Faith    .   v - +0 fire dragon scales
rPois    ∞         Spirit   .   I - +0 helmet
rElec    +         Reflect  .   g - +1 cloak
rCorr    .         Harm     .   k - +1 pair of gloves
MR       +....                  U - +0 pair of boots of Doiqe {rC+}
Stlth    +++.......             (no amulet)
HPRegen  0.25/turn              u - ring of wizardry
MPRegen  0.21/turn              d - ring of protection from magic

@: no status effects
A: big wings, negative energy resistance 1, electricity resistance, unbreathing,
petrification resistance, rot immunity, AC +10
a: Fly, Renounce Religion


You were on level 13 of the Dungeon.
You worshipped Vehumet.
Vehumet was extremely pleased with you.
You were not hungry.

You visited 3 branches of the dungeon, and saw 20 of its levels.
You also visited: Labyrinth and Volcano.

You collected 1713 gold pieces.

Inventory:

Hand Weapons
 E - the +6 mace of Baova {crush, rF+ Int+4}
   (You found it on level 7 of the Dungeon)

   It inflicts extra damage upon your enemies.
   It affects your intelligence (+4).
   It protects you from fire.
 F - a +1 morningstar of crushing
 L - the +11 flail of Honour (weapon) {freeze, rF- rC++ MR- Str+8}
   (You found it on level 9 of the Dungeon)

   It has been specially enchanted to freeze those struck by it, causing extra
   injury to most foes and up to half again as much damage against particularly
   susceptible opponents.
   It can also slow down cold-blooded creatures.
   It affects your strength (+8).
   It makes you vulnerable to fire.
   It greatly protects you from cold.
   It affects your resistance to hostile enchantments.
 X - a +1 broad axe of flaming
Missiles
 b - 247 stones (quivered)
 q - 2 throwing nets
Armour
 g - a +1 cloak (worn)
 k - a +1 pair of gloves (worn)
 v - +0 fire dragon scales (worn)
 I - a +0 helmet (worn)
 Q - a +0 buckler (worn)
 U - the +0 pair of boots of Doiqe (worn) {rC+}
   (You found it in a volcano)

   It protects you from cold.
Magical Staves
 N - an uncursed staff of death
 V - an uncursed staff of summoning
Jewellery
 d - a ring of protection from magic (right hand)
 u - a ring of wizardry (left hand)
 w - a +4 ring of intelligence
 y - an uncursed ring of magical power
 G - an uncursed ring of see invisible
 R - an uncursed ring of resist corrosion
 S - an uncursed ring of ice
Wands
 c - a wand of flame (27)
 s - a wand of iceblast (26)
 C - a wand of paralysis (20)
 H - a wand of random effects (66)
Scrolls
 i - 12 scrolls of teleportation
 j - 5 scrolls of enchant armour
 l - 7 scrolls of remove curse
 o - 4 scrolls of amnesia
 x - a scroll of magic mapping
 K - 13 scrolls of identify
 M - 6 scrolls of enchant weapon
 O - a scroll of fear
 T - a scroll of torment
 Y - a scroll of blinking
Potions
 a - 3 potions of might
 e - a potion of lignification
 h - a potion of invisibility
 m - 9 potions of curing
 n - 3 potions of brilliance
 p - 2 potions of agility
 r - 6 potions of flight
 t - 2 potions of degeneration
 z - 2 potions of cancellation
 A - 5 potions of magic
 B - 2 potions of mutation
 D - a potion of haste
 J - 3 potions of heal wounds
 W - a potion of resistance
 Z - a potion of berserk rage
Comestibles
 f - 24 rations
 P - 5 chunks of flesh


   Skills:
 - Level 12.3 Fighting
 - Level 9.5 Armour
 + Level 7.0 Dodging
 + Level 10.0 Stealth
 - Level 4.0 Shields
 - Level 10.3 Spellcasting
 - Level 10.9 Conjurations
 - Level 5.0 Necromancy
 - Level 3.0 Translocations
   Level 0.7 Transmutations
 - Level 10.2 Earth Magic


You had 17 spell levels left.
You knew the following spells:

 Your Spells              Type           Power        Failure   Level  Hunger
a - Sandblast             Erth           ######       1%          1    None
b - Stone Arrow           Conj/Erth      ######       1%          3    None
c - Lee's Rapid Deconstr  Erth           ######....   1%          5    ####...
d - Animate Skeleton      Necr           N/A          1%          1    None
e - Apportation           Tloc           ###...       2%          1    None
f - Fireball              Conj/Fire      ####......   7%          5    ####...

Your spell library contained the following spells:

 Spells                   Type           Power        Failure   Level  Hunger
 Magic Dart               Conj           ####         1%          1    None
 Summon Small Mammal      Summ           ##..         8%          1    None
 Iskenderun's Mystic Bla  Conj           ######..     1%          4    ##.....
 Call Imp                 Summ           ##......     12%         2    None
 Corpse Rot               Necr           N/A          1%          2    None
 Swiftness                Chrm/Air       ##......     12%         2    None
 Confusing Touch          Hex            ##....       8%          1    None
 Passwall                 Tmut/Erth      ####....     1%          2    None
 Petrify                  Tmut/Erth      ####....     9%          4    ##.....
 Fulminant Prism          Conj/Hex       ####......   2%          4    ##.....
 Dazzling Spray           Conj/Hex       ####..       1%          3    None
 Force Lance              Conj/Tloc      #####...     1%          4    ##.....
 Song of Slaying          Chrm           ##......     12%         2    None
 Searing Ray              Conj           ######       1%          2    None


Dungeon Overview and Level Annotations

Branches:
Dungeon (13/15)            Temple (1/1) D:6            Lair (6/6) D:11
 Shoals (0/4) Lair:2        Snake (0/4) Lair:2        Slime (0/5) Lair:6
    Orc (0/2) D:10
 Vaults: D:13-14

Altars:
Ashenzari
Cheibriados
Dithmenos
Elyvilon
Fedhas
Gozag
Hepliaklqana
Kikubaaqudgha
Makhleb
Nemelex Xobeh
Okawaru
Qazlal
Ru
Sif Muna
Trog
Uskayaw
Vehumet
Wu Jian
Xom
Yredelemnul
Zin
The Shining One
Lugonu

Shops:
D:4 }   D:5 *   D:6 }   D:8 %

Portals:
Bazaar: D:12

Annotations:
D:9 2 runed doors


Innate Abilities, Weirdness & Mutations

You are resistant to torment.
Your stone body is resilient. (AC +10)
You are immune to poison.
Your large and strong wings let you fly indefinitely.
You resist negative energy. (rN+)
You are resistant to electric shocks. (rElec)
You can survive without breathing.
You are immune to petrification.
You are immune to rotting.


Message History

You attempt to give life to the dead...
Before your eyes, flesh is ripped from the corpse!
The dead are walking!
P - 6 chunks of flesh
Things that are here:
a giant club; a giant spiked club Eat one of 6 chunks of flesh? (ye/n/q)
You eat one of the 6 chunks of flesh.
This raw flesh tastes terrible.
You now have 1713 gold pieces (gained 32).
Things that are here:
an arbalest; 11 bolts
Things that are here:
an arbalest; 17 bolts Saving game... please wait.
Welcome back, VLARC the Gargoyle Earth Elementalist.
Vehumet says: Let it end in hellfire!
Press ? for a list of commands and other information.
Inscribe which item? (? for menu, Esc to quit)
Okay, then.
Are you sure you want to abandon this character and quit the game? (Confirm with "yes".)

#####.....#...# .......... ##..
#...#.....#...#####.#..#.#####...
#...#.....#.......(..).......)..#
#...#....[#..........)...)((((..#
'...#.....#...#####.#..#.#####.(#
#...#.....#...#.#.......)..# #..#
#...#.....#...#..##Z#.)#.##..#...
#...'.....#...#.#.#)#..#.# .##..
#####.#...#...#.@#.##..##. ##..
#####.#...#...#..Z..#..# .. #...
....#.....#...#######..#########.
....#.....#.....##.............#.
#...#.....#.....##.............#.
#...#...#.#.....##.............#.
#...#...#.#.....##......(###'###.
#...#...#.#.....#######).'.......
#...#.....#.....#.....'..#.......


You could see a friendly two-headed ogre skeleton.

Vanquished Creatures
  A minotaur (Lab)
  Snorg (D:13)
  Josephine (D:10)
  Fannar (Lair:3)
  The ghost of Feta the Blocker, a journeyman FoFi of Makhleb (D:13)
  A catoblepas (Lair:6)
  4 hydras
  A centaur warrior (D:13)
  A deep troll shaman (Lair:6)
  6 two-headed ogres
  5 death yaks (Lair:6)
  A hell knight (Volcano)
  A skeletal warrior (D:13)
  A lindwurm (Lair:6)
  2 cyclopes
  A manticore (Lair:2)
  7 ugly things
  A black mamba (Lair:3)
  A centaur zombie (D:13)
  7 elephants
  A smoke demon (Volcano)
  2 molten gargoyles (Volcano)
  9 spiny frogs
  2 rime drakes
  3 yaktaurs (D:13)
  5 komodo dragons
  An efreet (D:13)
  4 trolls
  3 hornets (D:9)
  9 blink frogs
  4 dream sheep (Lair:3)
  3 slime creatures
  9 hippogriffs
  3 shadows
  7 wraiths
  2 wyverns
  A redback (Lab)
  14 yaks
  4 fire bats (Volcano)
  3 hungry ghosts
  3 basilisks
  Menkaure (D:4)
  3 wargs (D:10)
  A naga (Lair:2)
  A soldier ant (D:12)
  An acid dragon (D:11)
  3 hell hounds
  11 water moccasins
  12 porcupines
  6 orc warriors
  2 ice beasts
  3 phantoms
  2 necrophages
  5 black bears
  5 sky beasts
  14 wolves
  8 ogres
  7 centaurs
  8 crocodiles
  A big kobold (D:7)
  12 bullfrogs
  2 water moccasin zombies
  A wyvern skeleton (D:13)
  An earth elemental (Lab)
  3 scorpions
  2 water moccasin skeletons
  5 killer bees (D:9)
  2 howler monkeys (D:13)
  8 wights
  6 lava snakes (Volcano)
  7 crimson imps
  A quasit (D:10)
  8 orc priests
  2 bullfrog zombies
  9 jellies
  8 centaur skeletons
  9 hounds
  2 bullfrog skeletons
  8 orc wizards
  13 worker ants
  5 iguanas
  A killer bee zombie (D:8)
  A hound zombie (D:5)
  A howler monkey skeleton (D:6)
  10 adders
  11 gnolls
  9 shadow imps
  4 oozes
  An adder zombie (D:7)
  5 adder skeletons
  3 worms
  A dart slug (D:3)
  6 leopard geckos
  36 orcs
  7 giant cockroaches
  9 goblins
  9 hobgoblins
  7 jackals
  7 quokkas
  3 ball pythons (D:2)
  A bat (D:3)
  6 frilled lizards
  9 kobolds
  2 leopard gecko skeletons
  A quokka skeleton (D:5)
  8 rats
  A bush (Lair:3)
  2 plants (Lab)
506 creatures vanquished.

Vanquished Creatures (collateral kills)
  A hydra (Lair:3)
  A centaur warrior (D:9)
  An ogre mage (D:13)
  3 elephants
  3 spiny frogs (Lair:3)
  3 komodo dragons
  A dream sheep (Lair:3)
  A hippogriff (Lair:6)
  3 yaks
  5 water moccasins
  4 porcupines
  An ogre (D:8)
  A phantom (D:7)
  A crocodile (Lair:3)
  3 bullfrogs
  2 scorpions
  A jelly (D:11)
  A hound (D:11)
  A bullfrog skeleton (D:13)
  3 iguanas
  A worker ant (D:9)
  2 adders (D:9)
  2 orcs (D:10)
  3 fungi (Lair:6)
  A plant (Lair:6)
49 creatures vanquished.

Vanquished Creatures (others)
  A death yak (Lair:6)
  A centaur zombie (D:12)
  A porcupine (D:12)
  A sky beast (D:12)
  A phantom (D:12)
  An ogre (D:12)
  A big kobold (D:12)
  3 kobolds (D:12)
  10 fungi
  16 plants
36 creatures vanquished.

Grand Total: 591 creatures vanquished

Notes
Turn   | Place    | Note
-------+----------+-------------------------------------------
     0 | D:1      | VLARC the Gargoyle Earth Elementalist began the quest for the Orb.
     0 | D:1      | Reached XP level 1. HP: 10/10 MP: 3/3
   107 | D:1      | Reached XP level 2. HP: 12/15 MP: 5/5
   546 | D:1      | Found a glowing golden altar of the Shining One.
   577 | D:1      | Reached XP level 3. HP: 19/19 MP: 6/6
  1754 | D:2      | Reached XP level 4. HP: 21/24 MP: 8/8
  1787 | D:2      | Reached skill level 5 in Earth Magic
  2033 | D:3      | Found a glowing golden altar of the Shining One.
  2359 | D:3      | Found a burning altar of Makhleb.
  2482 | D:3      | Reached XP level 5. HP: 12/28 MP: 5/10
  3324 | D:4      | Found a shadowy altar of Dithmenos.
  3527 | D:4      | Noticed Menkaure
  3534 | D:4      | Killed Menkaure
  3534 | D:4      | Reached XP level 6. HP: 8/32 MP: 6/12
  3823 | D:4      | Learned a level 3 spell: Stone Arrow
  3829 | D:4      | Learned a level 5 spell: Lee's Rapid Deconstruction
  3941 | D:4      | Found a basalt altar of Yredelemnul.
  3997 | D:4      | Reached skill level 1 in Conjurations
  4100 | D:4      | Reached XP level 7. HP: 22/36 MP: 10/13
  4448 | D:4      | Found Hawouw's Gadget Boutique.
  4495 | D:5      | Entered Level 5 of the Dungeon
  4959 | D:5      | Found Zin's Purification Station.
  4962 | D:5      | Found a glowing silver altar of Zin.
  5002 | D:5      | Learned a level 1 spell: Animate Skeleton
  5252 | D:5      | Reached XP level 8. HP: 41/41 MP: 11/14
  5389 | D:5      | Found an ancient bone altar of Kikubaaqudgha.
  5389 | D:5      | Found a shadowy altar of Dithmenos.
  5456 | D:5      | Reached skill level 5 in Conjurations
  6323 | D:6      | Reached skill level 10 in Earth Magic
  6323 | D:6      | Reached XP level 9. HP: 45/45 MP: 11/15
  6352 | D:6      | Found a staircase to the Ecumenical Temple.
  6361 | Temple   | Entered the Ecumenical Temple
  6417 | D:6      | Found a snail-covered altar of Cheibriados.
  6650 | D:6      | Reached skill level 1 in Necromancy
  6664 | D:6      | Found Ostrefuet's Gadget Boutique.
  7109 | D:7      | Reached skill level 5 in Spellcasting
  7307 | D:7      | Found an opulent altar of Gozag.
  7308 | D:7      | Found a sparkling altar of Nemelex Xobeh.
  7443 | D:7      | Found a hazy altar of Hepliaklqana.
  7533 | D:7      | Got a sapphire mace
  7534 | D:7      | Identified the +6 mace of Baova {crush, rF+ Int+4} (You found it on level 7 of the Dungeon)
  7959 | D:7      | Reached XP level 10. HP: 34/50 MP: 1/19
  8357 | D:8      | Found a radiant altar of Vehumet.
  8364 | D:8      | Became a worshipper of Vehumet
  8502 | D:8      | Found a stormy altar of Qazlal.
  8522 | D:8      | Found a shimmering altar of Xom.
  8533 | D:8      | Found a shimmering altar of Xom.
  8533 | D:8      | Found a shimmering altar of Xom.
  8534 | D:8      | Found a shimmering altar of Xom.
  8837 | D:8      | Found Oras's Food Emporium.
  9155 | D:9      | Found a bloodstained altar of Trog.
  9390 | D:9      | Found a large runed door.
  9391 | D:9      | Found a large runed door.
  9424 | D:9      | Noticed a centaur warrior
  9431 | D:9      | Killed a centaur warrior
  9431 | D:9      | Reached skill level 5 in Necromancy
  9436 | D:9      | Found a large runed door.
  9436 | D:9      | Found a large runed door.
  9446 | D:9      | Got a faintly glowing flail
  9550 | D:9      | Reached skill level 10 in Conjurations
  9715 | D:9      | Identified the +11 flail of Honour {freeze, rF- rC++ MR- Str+8} (You found it on level 9 of the Dungeon)
  9741 | D:9      | Found a blossoming altar of Fedhas.
  9840 | D:9      | Reached * piety under Vehumet
  9840 | D:9      | Offered knowledge of Shock by Vehumet.
  9855 | D:9      | Noticed a two-headed ogre
  9862 | D:9      | Killed a two-headed ogre
  9862 | D:9      | Reached XP level 11. HP: 48/54 MP: 4/23
 10163 | D:9      | Learned a level 1 spell: Apportation
 10525 | D:10     | Entered Level 10 of the Dungeon
 10582 | D:10     | Reached skill level 1 in Fighting
 10644 | D:10     | Noticed Josephine
 10644 | D:10     | Reached skill level 2 in Fighting
 10881 | D:10     | Found a staircase to the Orcish Mines.
 11152 | D:10     | Offered knowledge of Sting by Vehumet.
 11180 | D:10     | Reached skill level 3 in Fighting
 11331 | D:10     | Killed Josephine
 11331 | D:10     | Reached ** piety under Vehumet
 11331 | D:10     | Reached skill level 4 in Fighting
 11998 | D:11     | Noticed a purple ugly thing
 12004 | D:10     | Killed a purple ugly thing
 12004 | D:10     | Reached skill level 5 in Fighting
 12440 | D:11     | Offered knowledge of Inner Flame by Vehumet.
 12501 | D:11     | Reached skill level 6 in Fighting
 12501 | D:11     | Reached skill level 10 in Spellcasting
 12586 | D:11     | Reached *** piety under Vehumet
 12675 | D:11     | Reached XP level 12. HP: 71/71 MP: 24/26
 12737 | D:11     | Found a staircase to the Lair.
 12996 | D:11     | Noticed a two-headed ogre
 12999 | D:11     | Killed a two-headed ogre
 12999 | D:11     | Reached skill level 7 in Fighting
 13228 | Lair:1   | Entered Level 1 of the Lair of Beasts
 13296 | Lair:1   | Offered knowledge of Throw Icicle by Vehumet.
 13298 | Lair:1   | Reached skill level 8 in Fighting
 13540 | Lair:1   | Reached skill level 1 in Armour
 13716 | Lair:1   | Got a crude war axe
 13724 | Lair:1   | Identified the cursed +1 war axe of the Sun {protect, rPois rN+} (You found it on level 1 of the Lair of Beasts)
 13973 | Lair:2   | Noticed a five-headed hydra
 14003 | Lair:2   | Reached skill level 9 in Fighting
 14052 | Lair:2   | Reached **** piety under Vehumet
 14053 | Lair:2   | Found a staircase to the Shoals.
 14080 | Lair:2   | Killed a five-headed hydra
 14088 | Lair:2   | Found a labyrinth entrance.
 14099 | Lab      | Entered a labyrinth
 14313 | Lab      | Offered knowledge of Fireball by Vehumet.
 14322 | Lab      | Learned a level 5 spell: Fireball
 14440 | Lab      | Noticed a minotaur
 14449 | Lab      | Killed a minotaur
 14449 | Lab      | Reached skill level 10 in Fighting
 14449 | Lab      | Reached skill level 5 in Armour
 14681 | Lair:2   | Reached skill level 1 in Translocations
 14986 | Lair:2   | Found a staircase to the Snake Pit.
 15546 | Lair:3   | Noticed Fannar
 15588 | Lair:2   | Upgraded the game from 0.22-a0-355-g201945f to 0.22-a0-362-g535178c
 15697 | Lair:3   | Identified a scroll of acquirement
 15743 | Lair:3   | Noticed a six-headed hydra
 15751 | Lair:3   | Killed a six-headed hydra
 15751 | Lair:3   | Reached XP level 13. HP: 83/83 MP: 9/27
 15883 | Lair:3   | Killed Fannar
 15980 | Lair:3   | Upgraded the game from 0.22-a0-362-g535178c to 0.22-a0-373-gab1296c
 16016 | Lair:3   | Reached skill level 11 in Fighting
 16111 | Lair:3   | Reached ***** piety under Vehumet
 16210 | Lair:3   | Offered knowledge of Fulminant Prism by Vehumet.
 17032 | Lair:4   | Found an ancient bone altar of Kikubaaqudgha.
 17062 | Lair:4   | Identified Loara's Spellcasting in Simple Steps
 17753 | Lair:5   | Reached skill level 12 in Fighting
 17911 | Lair:5   | Found a dark tunnel.
 17936 | Volcano  | Entered a volcano
 18321 | Volcano  | Found a bloodstained altar of Trog.
 18703 | Volcano  | Identified the +0 pair of boots of Doiqe {rC+} (You found it in a volcano)
 19164 | Lair:6   | Entered Level 6 of the Lair of Beasts
 19191 | Lair:6   | Found a staircase to the Slime Pits.
 19355 | Lair:6   | Reached skill level 5 in Stealth
 19356 | Lair:6   | Gained mutation: Your large and strong wings let you fly indefinitely. [Gargoyle growth]
 19356 | Lair:6   | Reached XP level 14. HP: 76/92 MP: 25/28
 20459 | Lair:6   | Reached skill level 5 in Dodging
 20862 | Lair:6   | Identified the +2 longbow "Tocviz" {venom, rN+ Str+7} (You found it on level 6 of the Lair of Beasts)
 21288 | D:12     | Offered knowledge of Yara's Violent Unravelling by Vehumet.
 21568 | D:12     | Found a gateway to a bazaar.
 22036 | D:13     | Reached skill level 1 in Shields
 22120 | D:13     | Noticed Feta's ghost (journeyman FoFi)
 22131 | D:13     | Killed Feta's ghost
 22585 | D:13     | Noticed Snorg
 22596 | D:13     | Killed Snorg
 23659 | D:13     | Reached skill level 10 in Stealth
 23673 | D:13     | Quit the game

Vault maps used:
D:1:      lemuel_arrival_cross, tso_altar
D:3:      lemuel_round_altar, lemuel_coloured_pillars_altar,
          kennysheep_generic_room_2
D:4:      kennysheep_little_box, serial_shops, kennysheep_mini,
          grunt_dithmenos_smoke_and_mirrors, uniq_menkaure
D:5:      zin_purify, gammafunk_temple_overflow_elements, first_ration,
          nzn_random_ring
D:6:      overflow_temple_1_default, minmay_temple_entry_large_hall,
          serial_shops, nicolae_shop_trees
D:7:      grunt_temple_overflow_opulence, lemuel_doored_altar
D:8:      xom_redecorated, overflow_temple_1_default, lemuel_round_altar,
          serial_shops, shop
D:9:      old_standard_altar, nicolae_overflow_hidden_temple,
          hangedman_pestilent_swarm, minmay_hollow_rounded_squares
D:10:     minmay_orc_entry_guard_dogs, uniq_josephine
D:11:     minmay_lair_entry_grove
D:12:     serial_shops, bzr_firewalk
D:13:     hangedman_vaults_entry_quadrant_bands, uniq_snorg
Temple:   corrupted_temple
Lair:1:   beast_lair_carwin_7
Lair:2:   minmay_shoals_entry_beasts, guppyfry_snake_entry_island,
          lab_entry_generic, infiniplex_staircase_pool_2, lemuel_fruit_fields
Lair:3:   cheibrodos_lair_river_kwai, infiniplex_staircase_pool, uniq_fannar
Lair:4:   basic_altar
Lair:5:   enter_volcano_3, serial_bayou_shore_a
Lair:6:   grunt_lair_end_beastmaster, nicolae_slime_entry_slimehenge
Lab:      lab_statue, nicolae_lab_hexagon, labyrinth_glass_1,
          labyrinth_skeletal_remains, nicolae_lab_x, nicolae_lab_arrow,
          nicolae_lab_garden, nicolae_lab_flowing_pool
Volcano:  volcano_grotto

Skill      XL: |  1  2  3  4  5  6  7  8  9 10 11 12 13 14 |
---------------+-------------------------------------------+-----
Earth Magic    | 4 5 6 8 10 | 10.2
Spellcasting   | 3 4 6 8 10 | 10.3
Conjurations   | 1 4 6 8 10 | 10.9
Necromancy     | 3 5 |  5.0
Fighting       | 6 10 12 | 12.3
Armour         | 6 9 |  9.5
Translocations | 2 3 |  3.0
Dodging        | 3 7 |  7.0
Stealth        | 5 10 | 10.0
Shields        | 4 |  4.0
Transmutations | |  0.7

Action                   |  1- 3 |  4- 6 |  7- 9 | 10-12 | 13-15 || total
-------------------------+-------+-------+-------+-------+-------++-------
Melee: Unarmed           |    27 |       |       |       |       ||    27
       Spear             |    97 |   111 |   100 |       |       ||   308
       Dagger            |     5 |       |       |       |       ||     5
       War axe           |       |     8 |       |       |       ||     8
       Hand axe          |       |       |    96 |       |       ||    96
       Mace              |       |       |    63 |   266 |     3 ||   332
       Flail             |       |       |       |    11 |   383 ||   394
Throw: Stone             |       |       |     3 |     3 |       ||     6
 Cast: Sandblast         |    13 |    40 |    58 |   151 |    47 ||   309
       Lee's Rapid Decon |       |       |    20 |    46 |    39 ||   105
       Animate Skeleton  |       |       |    13 |    54 |    67 ||   134
       Stone Arrow       |       |       |     5 |    42 |   104 ||   151
       Fireball          |       |       |       |     6 |     6 ||    12
 Abil: Stop Flying       |       |       |       |     1 |       ||     1
  Use: Scroll            |       |    12 |     5 |    18 |     6 ||    41
       Potion            |       |       |     1 |       |     3 ||     4
 Stab: Sleeping          |     6 |     3 |     5 |     1 |     3 ||    18
       Distracted        |       |       |     1 |     2 |     1 ||     4
       Invisible         |       |       |       |       |     2 ||     2
  Eat: Chunk             |     3 |     4 |    14 |    25 |    27 ||    73
       Ration            |       |     1 |     1 |     3 |     2 ||     7
Armor: Robe              |    28 |    44 |   136 |   136 |       ||   344
       Fire dragon scale |       |       |       |    92 |   491 ||   583
Dodge: Dodged            |    68 |    88 |   192 |   242 |   385 ||   975
Block: Buckler           |       |       |       |       |    28 ||    28

Table legend:
 A = Spawn XP
 B = Non-spawn XP
 C = Spawn XP percentage of total XP
 D = Spawn monster count
 E = Non-spawn monster count
 F = Spawn count percentage of total count
 G = Total turns spent on level
                    A         B        C        D         E        F      G
               +---------+---------+-------+---------+---------+-------+---------
         Total |       0 |   84748 |   0.0 |       0 |     549 |   0.0 | 23673
               +---------+---------+-------+---------+---------+-------+---------
           D:1 |       0 |      46 |   0.0 |       0 |      19 |   0.0 |  1192
           D:2 |       0 |      63 |   0.0 |       0 |      21 |   0.0 |   760
           D:3 |       0 |     158 |   0.0 |       0 |      21 |   0.0 |  1347
           D:4 |       0 |     503 |   0.0 |       0 |      16 |   0.0 |  1196
           D:5 |       0 |    1094 |   0.0 |       0 |      34 |   0.0 |  1584
           D:6 |       0 |    1106 |   0.0 |       0 |      24 |   0.0 |   973
           D:7 |       0 |    1761 |   0.0 |       0 |      53 |   0.0 |  1198
           D:8 |       0 |    1532 |   0.0 |       0 |      21 |   0.0 |   841
           D:9 |       0 |    4711 |   0.0 |       0 |      32 |   0.0 |  1578
          D:10 |       0 |    4814 |   0.0 |       0 |      37 |   0.0 |  1327
          D:11 |       0 |    4639 |   0.0 |       0 |      34 |   0.0 |  1253
          D:12 |       0 |    4363 |   0.0 |       0 |      25 |   0.0 |   690
          D:13 |       0 |   13639 |   0.0 |       0 |      40 |   0.0 |  1872
        Lair:1 |       0 |    2960 |   0.0 |       0 |      22 |   0.0 |   770
        Lair:2 |       0 |    5272 |   0.0 |       0 |      21 |   0.0 |  1123
        Lair:3 |       0 |    9634 |   0.0 |       0 |      33 |   0.0 |  1264
        Lair:4 |       0 |    1613 |   0.0 |       0 |       8 |   0.0 |   611
        Lair:5 |       0 |    5390 |   0.0 |       0 |      21 |   0.0 |  1170
        Lair:6 |       0 |   13963 |   0.0 |       0 |      41 |   0.0 |  1575
           Lab |       0 |    2484 |   0.0 |       0 |       8 |   0.0 |   485
       Volcano |       0 |    5003 |   0.0 |       0 |      18 |   0.0 |   810
               +---------+---------+-------+---------+---------+-------+---------
